AoeStats
← AOKI_Shogi

Nomad

509478920Analyzed
4v4 RM · 6d ago on Sep 26, 2026· 42m 16s· 8 players
Game mode
Random Map
Map size
231×231
Population
200
Speed
Normal
Resources
Standard
Victory
Conquest
Starting age
Dark Age
Ending age
Imperial Age
RankedLock teamsTeams togetherTeam positionsShared explorationLock speedFull tech treeHidden civsTurbo modeCheats
Victory
Defeat
🇺🇸 Portuguese · United States
1755
+6
🇨🇳 Inca · China
1577
+11
🇩🇪 Gurjaras · Germany
1525
+13
🇺🇸 Tupi · United States
1439
+17
🇲🇦 Bohemians · Morocco
1579
-16
🇫🇷 Celts · France
1530
-14
🇫🇷 Lithuanians · France
1426
-10
🇫🇷 Slavs · France
1347
-7
Diheadwarlord
4:45 Loom
12:52 Feudal Age
17:17 Castle Age
15:51 Double-Bit Axe
20:24 Fletching
23:13 Bodkin Arrow
29:24 Padded Archer Armor
40:37 Ballistics
enzoyin68
10:08 Loom
14:28 Feudal Age
18:11 Castle Age
16:38 Stone Mining
16:59 Double-Bit Axe
19:02 Scale Mail Armor
18:26 Champi Runner
19:07 Squires
20:36 Bow Saw
20:06 Horse Collar
20:38 Fishing Lines
21:59 Forging
23:34 Chain Mail Armor
23:36 Horse Collar
29:31 Wheelbarrow
29:47 Champi Warrior
33:37 Iron Casting
33:26 Arson
38:35 Imperial Age
39:48 Plate Mail Armor
39:06 Elite Champi Warrior
40:33 Conscription
40:37 Caravan
40:39 Capped Ram
stroemming14
5:35 Loom
12:51 Feudal Age
16:42 Castle Age
15:35 Gold Mining
16:14 Double-Bit Axe
16:40 Fletching
16:34 Horse Collar
17:49 Bodkin Arrow
19:41 Bow Saw
20:46 Padded Archer Armor
26:44 Thumb Ring
31:18 Leather Archer Armor
33:30 Bloodlines
35:15 Scale Barding Armor
35:18 Town Watch
36:10 Wheelbarrow
38:52 Ballistics
40:34 Gold Shaft Mining
40:00 Heavy Plow
45:18 Imperial Age
Varrus
4:58 Loom
13:24 Feudal Age
17:27 Castle Age
15:35 Fishing Lines
16:19 Double-Bit Axe
17:34 Gold Mining
18:35 Bow Saw
22:31 Sanctity
23:19 Town Watch
29:51 Imperial Age
31:00 Conscription
31:31 Wheelbarrow
37:21 Wheelbarrow
38:41 Hand Cart
39:02 Treadmill Crane
40:26 Chemistry
39:06 Treadmill Crane
40:00 Elite Organ Gun
42:39 Two-Man Saw
41:32 Stone Mining
43:19 Chemistry
g2b
12:16 Feudal Age
13:12 Loom
17:22 Castle Age
16:21 Bloodlines
16:03 Double-Bit Axe
18:05 Fishing Lines
18:54 Scale Barding Armor
19:17 Horse Collar
20:50 Forging
23:09 Husbandry
23:43 Bow Saw
26:39 Stone Mining
27:01 Light Cavalry
32:09 Hill Forts
35:41 Fletching
37:24 Wheelbarrow
37:37 Gillnets
Skrillll
4:39 Loom
14:26 Feudal Age
14:58 Double-Bit Axe
15:42 Town Watch
17:14 Fletching
18:56 Horse Collar
23:31 Castle Age
29:10 Wheelbarrow
29:46 Fervor
32:38 Padded Archer Armor
35:54 Bodkin Arrow
36:16 Crossbowman
37:18 Ballistics
41:51 Leather Archer Armor
Nux
13:28 Feudal Age
12:03 Loom
14:51 Gold Mining
17:04 Castle Age
15:43 Fletching
15:51 Double-Bit Axe
17:55 Bow Saw
18:17 Medium Warships
19:24 Bodkin Arrow
20:17 Wheelbarrow
23:50 Horse Collar
24:21 Scale Barding Armor
26:00 Husbandry
28:05 Forging
28:39 Gold Shaft Mining
27:56 Stone Mining
31:47 Chain Barding Armor
34:14 Imperial Age
31:56 Man-at-Arms
32:22 Gambesons
33:05 Scale Mail Armor
33:41 Iron Casting
33:24 Heavy Plow
33:20 Long Swordsman
34:19 Chain Mail Armor
34:53 Hand Cart
34:23 Town Watch
34:19 Capped Ram
34:43 Two-Handed Swordsman
36:20 Champion
37:00 Pikeman
38:32 Plate Mail Armor
39:03 Blast Furnace
38:54 Halberdier
41:58 Stone Shaft Mining
41:35 Siege Ram
AOKI_Shogi
5:57 Loom
15:01 Feudal Age
15:29 Town Watch
16:10 Double-Bit Axe
17:09 Fishing Lines
19:46 Castle Age
19:53 Stone Mining
20:02 Fletching
20:38 Bodkin Arrow
21:52 Padded Archer Armor
22:54 Leather Archer Armor
24:24 Elite Skirmisher
26:10 Detinets
26:54 Gold Mining
27:46 Wheelbarrow
26:56 Horse Collar
27:11 Gillnets
27:38 Bow Saw
33:26 Scale Barding Armor
34:31 Chain Barding Armor
36:23 Bloodlines
Connection lost

Rejoining the realm…

Still unreachable

The connection could not be restored.

Session expired

The server has moved on; the page needs a fresh start.